 Dungeon Crawl Stone Soup version 0.28-a0-932-g843f935a50 (webtiles) character file.

Game seed: 703522532505876578

1432 miscthings the Charlatan (level 8, -2/61 HPs)
             Began as a Gnoll Artificer on Nov 28, 2021.
             Was a Believer of Okawaru.
             Slain by an ice beast (10 damage)
             ... on level 5 of the Dungeon.
             The game lasted 00:11:14 (5941 turns).

miscthings the Charlatan (Gnoll Artificer)          Turns: 5941, Time: 00:11:15

Health: -2/61      AC:  5    Str: 15    XL:     8   Next: 73%
Magic:  13/13      EV: 13    Int: 16    God:    Okawaru [**....]
Gold:   321        SH:  0    Dex: 12    Spells: 14/14 levels left

rFire   . . .      SeeInvis .   B - +2 whip (elec)
rCold   . . .      Faith    .   (no shield)
rNeg    + . .      Spirit   .   y - +2 robe {rN+}
rPois   .          Reflect  .   (no helmet)
rElec   .          Harm     .   x - +0 cloak
rCorr   .          Rampage  .   (no gloves)
Will    .....                   (no boots)
Stlth   ++........              (no amulet)
HPRegen 0.20/turn               m - +6 ring of intelligence
MPRegen 0.13/turn               (no ring)

@: marked
A: fangs 1, strong nose, distributed training
a: Renounce Religion, Heroism


You were on level 5 of the Dungeon.
You worshipped Okawaru.
Okawaru was pleased with you.
You visited 2 branches of the dungeon, and saw 6 of its levels.

You collected 321 gold pieces.

Inventory:

Hand Weapons
 w - a +4 quarterstaff of chaos
 B - a +2 whip of electrocution (weapon)
Armour
 x - a +0 cloak (worn)
 y - a +2 robe of positive energy (worn)
Jewellery
 m - a +6 ring of intelligence (left hand)
Wands
 c - a wand of flame (8) (quivered)
 d - a wand of charming (13)
 v - a wand of polymorph (9)
 z - a wand of iceblast (1)
 A - a wand of paralysis (17)
Scrolls
 a - a scroll of brand weapon {unknown}
 i - 2 scrolls of silence {unknown}
 j - a scroll of enchant armour {unknown}
 k - 4 scrolls of teleportation
 l - a scroll of enchant weapon {unknown}
 q - 2 scrolls of summoning {unknown}
 r - a scroll of noise {unknown}
 s - 2 scrolls of identify {unknown}
 t - a scroll of magic mapping {unknown}
Potions
 b - a potion of berserk rage {unknown}
 f - 3 potions of curing
 g - a potion of haste {unknown}
 h - a potion of brilliance {unknown}
 n - 2 potions of lignification {unknown}
 p - a potion of might {unknown}
 u - a potion of attraction {unknown}
Miscellaneous
 e - a piece from Xom's chessboard (15/15)


   Skills:
 + Level 4.4 Fighting
 + Level 3.5 Short Blades
 + Level 3.5 Long Blades
 + Level 3.5 Axes
 + Level 3.5 Maces & Flails
 + Level 3.5 Polearms
 + Level 3.5 Staves
 + Level 3.5 Slings
 + Level 3.5 Bows
 + Level 3.5 Crossbows
 + Level 3.5 Throwing
 + Level 5.8 Armour
 + Level 4.4 Dodging
 + Level 4.3 Stealth
 + Level 3.5 Shields
 + Level 3.5 Unarmed Combat
 + Level 3.5 Spellcasting
 + Level 2.9 Conjurations
 + Level 2.9 Hexes
 + Level 2.9 Summonings
 + Level 2.9 Necromancy
 + Level 2.9 Translocations
 + Level 2.9 Transmutations
 + Level 2.9 Fire Magic
 + Level 2.9 Ice Magic
 + Level 2.9 Air Magic
 + Level 2.9 Earth Magic
 + Level 2.9 Poison Magic
 + Level 3.9 Invocations
 + Level 7.5 Evocations


You had 14 spell levels left.
You didn't know any spells.
Your spell library was empty.

Dungeon Overview and Level Annotations

Branches:
Dungeon (5/15)             Temple (1/1) D:4

Altars:
Nemelex Xobeh
Okawaru
Xom


Innate Abilities, Weirdness & Mutations

You have very sharp teeth.
Your uncanny sense of smell can sniff out nearby items.
Your experience applies equally to all skills.


Message History

No target in view!
You hit something. Okawaru accepts your kill.
Reactivating autopickup.
You feel a bit more experienced.
Your piece from Xom's chessboard (15/15) has regained one charge.
No target in view!
Things that are here:
a +0 giant spiked club; an ogre corpse
There is an open door here.
Things that are here:
a +0 giant spiked club; an ogre corpse
There is an open door here.
You set off the alarm!
A sentinel's mark forms upon you.
You hear an angry hiss.
An ice beast comes into view.
The ice beast hits you. The ice beast freezes you!
You hit the ice beast.
The ice beast is lightly wounded.
The ice beast completely misses you.
You barely miss the ice beast.
The ice beast is lightly wounded.
The ice beast hits you but does no damage.
You closely miss the ice beast.
You bite the ice beast, but do no damage.
The ice beast is lightly wounded.
The ice beast hits you. The ice beast freezes you!
You barely miss the ice beast. The ice beast closely misses you.
You are too injured to fight recklessly!
You hit the ice beast.
The ice beast is lightly wounded.
The ice beast hits you. The ice beast freezes you!
* * * LOW HITPOINT WARNING * * *
You completely miss the ice beast.
The ice beast is lightly wounded.
The ice beast hits you.
* * * LOW HITPOINT WARNING * * *
The ice beast freezes you!
You die...

##.....# #......#......#
##......## ##[...........##
#........####.............#
#..........................+
#..........................#....
##..##..........##....... #...##
##. #..........#....... #...#. #
.............Y...... #...#.
.#......#....@....... #...#. #
##....###......#########...#.
#..##.....#...##.....##...#.
........#...............#.
###.....#...............'.
#.....#...............#)
#.....#...............#.
#.....#...............#.
#.....#...............#.


You could see an ice beast.

Vanquished Creatures
  Pikel (D:5)
  An ice beast (D:5)
  A black bear (D:4)
  An ogre (D:5)
  2 necrophages (D:5)
  A water moccasin zombie (D:5)
  Dowan (D:4)
  A bullfrog zombie (D:5)
  2 hounds
  Crazy Yiuf (D:4)
  2 jellies
  A bullfrog skeleton (D:4)
  An iguana (D:5)
  Ijyb (D:4)
  2 orc wizards
  A hound skeleton (D:5)
  A hound zombie (D:5)
  4 adders
  A shadow imp (D:5)
  A white imp (D:5)
  An ufetubus (D:5)
  A dart slug (D:3)
  7 orcs
  6 ball pythons
  7 endoplasms
  3 giant cockroaches
  8 goblins
  9 hobgoblins
  4 kobolds
  6 quokkas
  3 bats (D:1)
  4 frilled lizards
  2 rats
88 creatures vanquished.

Vanquished Creatures (collateral kills)
  2 orcs (D:3)
2 creatures vanquished.

Vanquished Creatures (others)
  An orc (D:3)
1 creature vanquished.

Grand Total: 91 creatures vanquished

Notes
Turn   | Place    | Note
-------+----------+-------------------------------------------
     0 | D:1      | miscthings the Gnoll Artificer began the quest for the Orb.
     0 | D:1      | Reached XP level 1. HP: 17/17 MP: 1/1
   221 | D:1      | Reached XP level 2. HP: 15/23 MP: 2/2
  1142 | D:1      | Reached XP level 3. HP: 28/28 MP: 3/3
  1560 | D:2      | Reached skill level 1 in Invocations
  1633 | D:2      | Found a faded altar of an unknown god.
  2105 | D:3      | Reached skill level 1 in Short Blades
  2105 | D:3      | Reached skill level 1 in Long Blades
  2105 | D:3      | Reached skill level 1 in Axes
  2105 | D:3      | Reached skill level 1 in Maces & Flails
  2105 | D:3      | Reached skill level 1 in Polearms
  2105 | D:3      | Reached skill level 1 in Staves
  2105 | D:3      | Reached skill level 1 in Slings
  2105 | D:3      | Reached skill level 1 in Bows
  2105 | D:3      | Reached skill level 1 in Crossbows
  2105 | D:3      | Reached skill level 1 in Throwing
  2105 | D:3      | Reached skill level 1 in Shields
  2105 | D:3      | Reached skill level 1 in Unarmed Combat
  2105 | D:3      | Reached skill level 1 in Spellcasting
  2105 | D:3      | Reached XP level 4. HP: 16/34 MP: 5/5
  2911 | D:3      | Reached skill level 1 in Conjurations
  2911 | D:3      | Reached skill level 1 in Hexes
  2911 | D:3      | Reached skill level 1 in Summonings
  2911 | D:3      | Reached skill level 1 in Necromancy
  2911 | D:3      | Reached skill level 1 in Translocations
  2911 | D:3      | Reached skill level 1 in Transmutations
  2911 | D:3      | Reached skill level 1 in Fire Magic
  2911 | D:3      | Reached skill level 1 in Ice Magic
  2911 | D:3      | Reached skill level 1 in Air Magic
  2911 | D:3      | Reached skill level 1 in Earth Magic
  2911 | D:3      | Reached skill level 1 in Poison Magic
  2951 | D:3      | Reached XP level 5. HP: 18/40 MP: 6/6
  4041 | D:4      | Found a staircase to the Ecumenical Temple.
  4078 | Temple   | Entered the Ecumenical Temple
  4160 | Temple   | Became a worshipper of Warmaster Okawaru
  4212 | D:4      | Reached XP level 6. HP: 38/47 MP: 8/8
  4376 | D:4      | Noticed Ijyb
  4377 | D:4      | Noticed Dowan
  4378 | D:4      | Noticed Duvessa
  4930 | D:4      | Found a runed translucent door.
  4931 | D:4      | Noticed Crazy Yiuf
  4959 | D:4      | Killed Crazy Yiuf
  5120 | D:4      | Killed Dowan
  5121 | D:4      | Reached skill level 5 in Armour
  5142 | D:4      | Noticed Duvessa
  5142 | D:4      | Duvessa changed into Duvessa the black bear
  5153 | D:4      | Killed Duvessa the black bear
  5154 | D:4      | Reached XP level 7. HP: 21/52 MP: 10/10
  5328 | D:4      | Killed Ijyb
  5511 | D:5      | Entered Level 5 of the Dungeon
  5529 | D:5      | Reached skill level 7 in Evocations
  5550 | D:5      | Noticed Pikel
  5559 | D:5      | Killed Pikel
  5559 | D:5      | Reached * piety under Okawaru
  5559 | D:5      | Reached ** piety under Okawaru
  5560 | D:5      | Reached XP level 8. HP: 54/60 MP: 10/12
  5941 | D:5      | Slain by an ice beast

Illustrated notes

Levels and vault maps discovered:
D:1:      minmay_arrival_open_corners, layout_basic, minmay_door_square,
          hangedman_feature_mirror
D:2:      layout_basic, shapermc_ecumenical_altar_hornbeckon
D:3:      layout_loops_ring
D:4:      layout_loops_corners, temple_pool_b, uniq_crazy_yiuf_cottage,
          uniq_duvessa, uniq_ijyb
D:5:      layout_gridville, nicolae_overflow_hidden_temple,
          kennysheep_decorative_pillar, kennysheep_boxes, uniq_pikel
Temple:   mainiacjoe_temple_trianglar_array

Skill      XL: |  1  2  3  4  5  6  7  8 |
---------------+-------------------------+-----
Invocations    | 1 2 3 |  3.9
Short Blades   | 1 2 3 |  3.5
Long Blades    | 1 2 3 |  3.5
Axes           | 1 2 3 |  3.5
Maces & Flails | 1 2 3 |  3.5
Polearms       | 1 2 3 |  3.5
Staves         | 1 2 3 |  3.5
Slings         | 1 2 3 |  3.5
Bows           | 1 2 3 |  3.5
Crossbows      | 1 2 3 |  3.5
Throwing       | 1 2 3 |  3.5
Shields        | 1 2 3 |  3.5
Unarmed Combat | 1 2 3 |  3.5
Spellcasting   | 1 2 3 |  3.5
Conjurations   | 1 2 |  2.9
Hexes          | 1 2 |  2.9
Summonings     | 1 2 |  2.9
Necromancy     | 1 2 |  2.9
Translocations | 1 2 |  2.9
Transmutations | 1 2 |  2.9
Fire Magic     | 1 2 |  2.9
Ice Magic      | 1 2 |  2.9
Air Magic      | 1 2 |  2.9
Earth Magic    | 1 2 |  2.9
Poison Magic   | 1 2 |  2.9
Fighting       | 3 4 |  4.4
Dodging        | 3 4 |  4.4
Stealth        | 3 4 |  4.3
Armour         | 5 |  5.8
Evocations     | 7 |  7.5

Action                   |  1- 3 |  4- 6 |  7- 9 || total
-------------------------+-------+-------+-------++-------
Melee: Club              |   175 |    42 |       ||   217
       Bite              |    15 |    20 |    11 ||    46
       Mace              |       |   126 |       ||   126
       Quarterstaff      |       |    13 |    22 ||    35
       Unarmed           |       |    11 |       ||    11
       Whip              |       |       |    54 ||    54
Evoke: Wand              |     6 |     4 |     2 ||    12
       Piece from Xom's  |     2 |     7 |     2 ||    11
  Use: Potion            |       |     1 |       ||     1
       Scroll            |       |     1 |       ||     1
 Stab: Sleeping          |     2 |     1 |     2 ||     5
       Distracted        |     1 |       |       ||     1
       Betrayed ally     |     1 |       |       ||     1
       Petrified         |       |    10 |       ||    10
       Confused          |       |     2 |       ||     2
       Paralysed         |       |    12 |     8 ||    20
Armor: Leather armour    |    55 |    54 |       ||   109
       Robe              |       |     7 |    18 ||    25
Dodge: Dodged            |   168 |   112 |    41 ||   321

Table legend: (Time is in decaauts)
 A = Elapsed time spent in this place.
 B = Non-inter-level travel time spent in this place.
 C = Inter-level travel time spent in this place.
 D = Time resting spent in this place.
 E = Time spent auto-exploring this place.
 F = Levels seen in this place.
 G = Mean time per level.
                   A        B        C        D        E       F      G
               +--------+--------+--------+--------+--------+-----+--------+
         Total |   6047 |   5828 |    219 |   2021 |   2603 |   6 | 1007.8 |
       Dungeon |   5939 |   5746 |    193 |   2021 |   2532 |   5 | 1187.8 |
        Temple |    107 |     82 |     25 |      0 |     71 |   1 |  107.0 |
               +--------+--------+--------+--------+--------+-----+--------+

Top non-repeatable levels by time:
     D:4: 1966 daAuts
     D:3: 1434 daAuts
     D:1: 1423 daAuts
     D:2: 687 daAuts
     D:5: 428 daAuts
  Temple: 107 daAuts
